 Dungeon Crawl Stone Soup version 0.13-a0-2682-gb26bf1a (webtiles) character file.

188 M4edhros the Bolt Thrower (level 4, -8/28 HPs)
             Began as an Octopode Wanderer on Aug 13, 2013.
             Mangled by Sigmund
             ... wielding a cursed +0,+0 scythe
              (11 damage)
             ... on Level 2 of the Dungeon.
             The game lasted 00:01:56 (1301 turns).

M4edhros the Bolt Thrower (Octopode Wanderer)       Turns: 1301, Time: 00:01:56

HP  -8/28        AC  1     Str 10      XL: 4   Next:  3%
MP   4/4         EV 11     Int 14      God:
Gold 129         SH  0     Dex 13      Spells:  0 memorised,  3 levels left

Res.Fire  : . . .   See Invis. : .   a - +3 crossbow
Res.Cold  : . . .   Warding    : .   (no shield)
Life Prot.: . . .   Conserve   : .   (helmet restricted)
Res.Poison: .       Res.Corr.  : .   (no amulet)
Res.Elec. : .       Clarity    : .   (no ring)
Sust.Abil.: . .     Spirit.Shd : .   (no ring)
Res.Mut.  : .       Stasis     : .   (no ring)
Res.Rott. : .       Flight     : +   (no ring)
Saprovore : . . .                    (no ring)
                                     (no ring)
                                     (no ring)
                                     (no ring)

@: flying, hasted, very quick, slightly resistant to hostile enchantments, quite
stealthy
A: almost no armour, amphibious, 8 rings, constrict 8, camouflage 1, AC +1
a: no special abilities


You were on level 2 of the Dungeon.
You were very hungry.

You visited 1 branch of the dungeon, and saw 2 of its levels.

You collected 79 gold pieces.

Inventory:

Hand weapons
 a - a +3,+3 crossbow (weapon)
 c - a +0,+0 dagger
Missiles
 d - 4 bolts (quivered)
Magical devices
 p - a wand of enslavement (13) {unknown}
Comestibles
 b - a sausage
 f - 2 bread rations
 o - a meat ration
Scrolls
 g - 2 scrolls of noise {unknown}
 h - a scroll of remove curse {unknown}
 i - a scroll of identify {unknown}
 j - 2 scrolls of enchant weapon II {unknown}
 l - 2 scrolls of curse armour {unknown}
 n - a scroll of blinking {unknown}
Potions
 e - a potion of flight


   Skills:
 + Level 3.3 Fighting
   Level 1.0 Polearms
 + Level 4.7 Crossbows
 - Level 2.6 Stealth
 - Level 1.1 Evocations


You had 3 spell levels left.
You didn't know any spells.

Dungeon Overview and Level Annotations

Branches:
Dungeon (2/27)

Altars:

Annotations
D:2 Sigmund


Innate Abilities, Weirdness & Mutations

You cannot wear most types of armour.
You are amphibious.
You can wear up to eight rings at the same time.
You can use your tentacles to constrict many enemies at once.
Your skin changes colour to match your surroundings (Stlth).
Your rubbery body absorbs attacks (AC +1).


Message History

Firing (i - inventory. (,) - cycle):
d - 10 bolts (quivered)
Press: ? - help, Shift-Dir - straight line, f - you You shoot a bolt.
It hits you.
Firing (i - inventory. (,) - cycle):
d - 9 bolts (quivered)
Press: ? - help, Shift-Dir - straight line, f - you You shoot a bolt.
The bolt hits something.
Firing (i - inventory. (,) - cycle):
d - 8 bolts (quivered)
Press: ? - help, Shift-Dir - straight line, f - you You shoot a bolt.
It hits you!
Firing (i - inventory. (,) - cycle):
d - 7 bolts (quivered)
Press: ? - help, Shift-Dir - straight line, f - you You shoot a bolt.
It hits you!
* * * LOW HITPOINT WARNING * * *
Firing (i - inventory. (,) - cycle):
d - 6 bolts (quivered)
Press: ? - help, Shift-Dir - straight line, f - you You shoot a bolt.
Firing (i - inventory. (,) - cycle):
d - 5 bolts (quivered)
Press: ? - help, Shift-Dir - straight line, f - you You shoot a bolt.
It hits you!
You die...

#.# #.# ((#.# #.#
#.# ....
#.###.########.##..#
#..................#
#.###.##.###.#.#...#
#..# #.##.# #.#.# #
#..# #.##.# #.#(#
#..###.##.# #.#.#
..........###.#@#
##..###......)...#
#..#
########.#####.# .
#.....(......#
#####.####.#######
...........#
############


There were no monsters in sight!

Vanquished Creatures
  Ijyb (D:2)
  2 adders (D:2)
  2 oozes (D:1)
  3 bats (D:1)
  A giant cockroach (D:2)
  3 goblins
  2 hobgoblins
  2 jackals (D:1)
  2 kobolds
  2 giant newts
  3 rats (D:1)
23 creatures vanquished.

Notes
Turn   | Place    | Note
--------------------------------------------------------------
     0 | D:1      | M4edhros, the Octopode Wanderer, began the quest for the Orb.
     0 | D:1      | Reached XP level 1. HP: 12/12 MP: 1/1
   304 | D:1      | Reached XP level 2. HP: 4/18 MP: 2/2
  1089 | D:2      | Reached XP level 3. HP: 20/23 MP: 3/3
  1113 | D:2      | Noticed Sigmund
  1191 | D:2      | Noticed Ijyb
  1195 | D:2      | Killed Ijyb
  1195 | D:2      | Reached XP level 4. HP: 20/28 MP: 4/4
  1301 | D:2      | Mangled by Sigmund

Action                   |  1- 3 |  4- 6 || total
-------------------------+-------+-------++-------
Melee: Unarmed           |    43 |       ||    43
       Crossbow          |     2 |       ||     2
 Fire: Crossbow          |    22 |    11 ||    33
  Use: Potion            |       |     3 ||     3
 Stab: Sleeping          |     3 |       ||     3
